 Seeded DCSS version 0.28-a0-1206-g193881aaa2 (webtiles) character file.

Game seed: 2021122 (custom seed)

29 a11behringer the Shield-Bearer (level 3, 0/24 HPs)
             Began as a Gargoyle Fighter on Dec 21, 2021.
             Slain by a frilled lizard (2 damage)
             ... on level 2 of the Dungeon.
             The game lasted 00:01:11 (249 turns).

a11behringer the Shield-Bearer (Gargoyle Fighter)    Turns: 249, Time: 00:01:12

Health: 0/24       AC: 14    Str: 21    XL:     3   Next: 16%
Magic:  3/3        EV:  6    Int:  8    God:
Gold:   17         SH:  4    Dex:  9    Spells: 2/2 levels left

rFire   . . .      SeeInvis .   a - +0 flail
rCold   . . .      Faith    .   c - +0 buckler
rNeg    + . .      Spirit   .   e - +0 plate armour
rPois   ∞          Reflect  .   (no helmet)
rElec   +          Harm     .   (no cloak)
rCorr   .          Rampage  .   (no gloves)
Will    .....                   (no boots)
Stlth   ..........              (no amulet)
HPRegen 0.08/turn               (no ring)
MPRegen 0.08/turn               (no ring)

@: no status effects
A: sickness immunity, AC +3, negative energy resistance 1, electricity
resistance, torment resistance 1, petrification resistance
a: no special abilities


You were on level 2 of the Dungeon.
You visited 1 branch of the dungeon, and saw 2 of its levels.

You collected 17 gold pieces.

Inventory:

Hand Weapons
 a - a +0 flail (weapon)
 g - a +0 demon trident of electrocution
Armour
 b - a +0 scale mail
 c - a +0 buckler (worn)
 e - a +0 plate armour (worn)
Scrolls
 f - a scroll of identify {unknown}
Potions
 d - a potion of flight {unknown}


   Skills:
 + Level 3.6 Fighting
 * Level 2.5 Maces & Flails
 + Level 3.6 Armour
 + Level 3.6 Shields


You had 2 spell levels left.
You didn't know any spells.
Your spell library was empty.

Dungeon Overview and Level Annotations

Branches:
Dungeon (1/15)

Altars:


Innate Abilities, Weirdness & Mutations

You are immune to sickness and miasma.
Your stone body is resilient. (AC +3)
You are immune to poison.
You resist negative energy. (rN+)
You are resistant to electric shocks. (rElec)
You are resistant to unholy torment.
You are immune to petrification.


Message History

The frilled lizard hisses angrily.
Items here: ( )) †.
A frilled lizard is nearby!
Items here: ( )) †.
You block the frilled lizard's attack.
You closely miss the frilled lizard.
The frilled lizard bites you but does no damage.
You closely miss the frilled lizard. The frilled lizard barely misses you.
The frilled lizard bites you but does no damage.
You closely miss the frilled lizard. The frilled lizard closely misses you.
You completely miss the frilled lizard.
The frilled lizard bites you but does no damage.
You barely miss the frilled lizard. The frilled lizard barely misses you.
The frilled lizard bites you.
* * * LOW HITPOINT WARNING * * *
Your plate armour prevents you from hitting the frilled lizard.
The frilled lizard bites you but does no damage.
You closely miss the frilled lizard. The frilled lizard barely misses you.
You barely miss the frilled lizard.
A rat comes into view.
The frilled lizard barely misses you.
The rat moves out of view.
You miss the frilled lizard. The frilled lizard bites you.
* * * LOW HITPOINT WARNING * * *
The frilled lizard bites you but does no damage.
You closely miss the frilled lizard.
The frilled lizard bites you but does no damage.
You barely miss the frilled lizard.
You feel a little less mighty now. You block the frilled lizard's attack.
You miss the frilled lizard.
The frilled lizard bites you but does no damage. x2
Your plate armour prevents you from hitting the frilled lizard.
The frilled lizard closely misses you.
You barely miss the frilled lizard.
The frilled lizard bites you but does no damage.
Your plate armour prevents you from hitting the frilled lizard.
The frilled lizard bites you but does no damage.
The frilled lizard barely misses you.
You barely miss the frilled lizard. The frilled lizard bites you.
You die...

#..........#
#.........#
#.........#
#.........#
#.........#
##........#
#........#
#..####)## ##.
#@# # #l# #r#
#.# #.#
.....!........#
.?..........).#
..............#
####.##.......#


You could see a frilled lizard and a rat.

Vanquished Creatures
  Jessica (D:2)
  A goblin (D:2)
  A jackal (D:2)
  A rat (D:1)
4 creatures vanquished.

Notes
Turn   | Place    | Note
-------+----------+-------------------------------------------
     0 | D:1      | a11behringer the Gargoyle Fighter began the quest for the
                  | Orb.
     0 | D:1      | Reached XP level 1. HP: 14/14 MP: 1/1
   178 | D:1      | You fall into a shaft and drop 1 floor!
   188 | D:2      | Noticed Jessica
   202 | D:2      | Killed Jessica
   203 | D:2      | Reached XP level 2. HP: 4/20 MP: 2/2
   203 | D:2      | Reached XP level 3. HP: 5/24 MP: 3/3
   249 | D:2      | Slain by a frilled lizard

Illustrated notes

Levels and vault maps discovered:
D:1:      nagdon_arrival_zigzag_paths, layout_basic
D:2:      layout_basic, uniq_natasha, uniq_terence, uniq_jessica

Action                   || total
-------------------------++-------
Melee: Flail             ||    30
  Use: Potion            ||     1
Armor: Plate armour      ||    26
Dodge: Dodged            ||    11
Block: Buckler           ||     3

Table legend: (Time is in decaauts)
 A = Elapsed time spent in this place.
 B = Non-inter-level travel time spent in this place.
 C = Inter-level travel time spent in this place.
 D = Time resting spent in this place.
 E = Time spent auto-exploring this place.
 F = Levels seen in this place.
 G = Mean time per level.
                   A        B        C        D        E       F      G
               +--------+--------+--------+--------+--------+-----+--------+
         Total |    257 |    234 |     23 |      0 |    156 |   2 |  128.5 |
       Dungeon |    257 |    234 |     23 |      0 |    156 |   2 |  128.5 |
               +--------+--------+--------+--------+--------+-----+--------+

Top non-repeatable levels by time:
     D:1: 178 daAuts
     D:2: 79 daAuts
